 Dungeon Crawl Stone Soup version 0.28-a0-1545-g945cd3f27e (webtiles) character file.

Game seed: 1863003891494004806

1630 BritishOli the Skirmisher (level 8, -1/64 HPs)
             Began as a Demonspawn Gladiator on Jan 18, 2022.
             Slain by an orc warrior (5 damage)
             ... on level 6 of the Dungeon.
             The game lasted 00:05:48 (5912 turns).

BritishOli the Skirmisher (Demonspawn Gladiator)    Turns: 5912, Time: 00:05:48

Health: -1/64      AC: 14    Str: 17    XL:     8   Next: 65%
Magic:  8/8        EV:  8    Int: 10    God:
Gold:   147        SH:  0    Dex: 14    Spells: 7/7 levels left

rFire   . . .      SeeInvis .   l - +2 hand axe (elec)
rCold   + . .      Faith    .   (no shield)
rNeg    . . .      Spirit   .   m - +3 chain mail {rC+}
rPois   .          Reflect  .   c - +0 helmet
rElec   .          Harm     .   (no cloak)
rCorr   .          Rampage  .   (no gloves)
Will    .....                   (no boots)
Stlth   ..........              (no amulet)
HPRegen 0.20/turn               (no ring)
MPRegen 0.11/turn               (no ring)

@: no status effects
A: yellow scales 1, foul stench 2, weakness stinger 2
a: no special abilities


You were on level 6 of the Dungeon.
You visited 2 branches of the dungeon, and saw 7 of its levels.

You collected 167 gold pieces.
You spent 20 gold pieces at shops.

Inventory:

Hand Weapons
 l - a +2 hand axe of electrocution (weapon)
Missiles
 d - 3 throwing nets (quivered)
Armour
 c - a +0 helmet (worn)
 m - a +3 chain mail of cold resistance (worn)
Jewellery
 b - a ring of ice
 w - a ring of fire
 x - a +6 ring of strength
Wands
 n - a wand of paralysis (7)
 o - a wand of digging (4)
 t - a wand of polymorph (8)
Scrolls
 e - a scroll of magic mapping {unknown}
 g - a scroll of vulnerability {unknown}
 i - 4 scrolls of identify
 q - 4 scrolls of enchant armour {unknown}
 r - a scroll of fog {unknown}
 s - a scroll of noise {unknown}
 u - a scroll of blinking {unknown}
 v - a scroll of teleportation {unknown}
 y - a scroll of fear {unknown}
Potions
 a - 3 potions of brilliance {unknown}
 f - 3 potions of attraction {unknown}
 h - 2 potions of mutation {unknown}
 j - 2 potions of ambrosia {unknown}
 k - 2 potions of curing {unknown}
 p - a potion of flight {unknown}
 z - a potion of magic {unknown}


   Skills:
 + Level 5.8 Fighting
 + Level 5.6 Axes
 + Level 5.3 Throwing
 + Level 5.7 Dodging


You had 7 spell levels left.
You didn't know any spells.
Your spell library contained the following spells:

 Spells                   Type           Power      Damage    Failure   Level
 Apportation              Tloc           0%         N/A       100%        1
 Beastly Appendage        Tmut           0%         N/A       100%        1
 Sandblast                Erth           0%         2d4       100%        1
 Ensorcelled Hibernation  Hex/Ice        0%         N/A       100%        2
 Passwall                 Tmut/Erth      0%         N/A       100%        2
 Frozen Ramparts          Ice            0%         1d2       100%        3
 Inner Flame              Hex/Fire       0%         N/A       100%        3
 Ozocubu's Armour         Ice            0%         N/A       100%        3
 Swiftness                Air            0%         N/A       100%        3
 Cause Fear               Hex            0%         N/A       100%        4
 Ice Form                 Ice/Tmut       0%         N/A       100%        4
 Summon Ice Beast         Ice/Summ       0%         N/A       100%        4
 Ozocubu's Refrigeration  Ice            0%         4d5       100%        7
 Discord                  Hex            0%         N/A       100%        8


Dungeon Overview and Level Annotations

Branches:
Dungeon (6/15)             Temple (1/1) D:4

Altars:
Ashenzari
Cheibriados
Elyvilon
Fedhas
Gozag
Qazlal
Ru
Trog
Uskayaw
Vehumet
Wu Jian
Xom
Yredelemnul
Zin

Shops:
D:1 ?


Innate Abilities, Weirdness & Mutations

You are partially covered in yellow scales. (AC +2)
You sometimes emit foul miasma when damaged in melee.
You have a tail ending in a sharp stinger.


Message History

You hit the orc warrior but do no damage.
You hit something.
Reactivating autopickup.
You feel a bit more experienced.
The orc warrior hits you with a +0 halberd.
Unknown command.
You closely miss the orc warrior.
Your tail-slap misses the orc warrior.
The orc warrior hits you but does no damage.
Unknown command.
You hit the orc warrior but do no damage.
The orc warrior hits you with a +0 halberd.
Unknown command.
You are too injured to fight recklessly!
Unknown command.
You are too injured to fight recklessly!
Unknown command.
You are too injured to fight recklessly!
Unknown command.
You are too injured to fight recklessly!
Unknown command.
You are too injured to fight recklessly!
Unknown command.
You are too injured to fight recklessly!
You hit the orc warrior but do no damage.
You tail-slap the orc warrior.
The orc warrior is lightly wounded.
The orc warrior hits you with a +0 halberd!
* * * LOW HITPOINT WARNING * * *
You closely miss the orc warrior.
The orc warrior is lightly wounded.
The orc warrior hits you with a +0 halberd!
* * * LOW HITPOINT WARNING * * *
You completely miss the orc warrior.
The orc warrior is lightly wounded.
The orc warrior barely misses you.
You barely miss the orc warrior.
You tail-slap the orc warrior, but do no damage.
The orc warrior is lightly wounded.
The orc warrior hits you with a +0 halberd.
You die...

######..#
##.......#
..........##
#####......#
#......#
#......#
#......#
#.).)..#
#.)@...#
#..o...#
........#.#
#........###
#........#
##......##
#......#
####..##


You could see an orc warrior.

Vanquished Creatures
  Grinder (D:5)
  Edmund (D:5)
  A black bear (D:4)
  2 necrophages (D:4)
  An ogre (D:5)
  Blork the orc (D:4)
  A kobold brigand (D:5)
  A gnoll sergeant (D:5)
  A wyvern zombie (D:5)
  A water moccasin zombie (D:5)
  2 jellies (D:5)
  A centaur zombie (D:5)
  A bullfrog zombie (D:5)
  A centaur skeleton (D:5)
  2 orc priests (D:4)
  2 hounds (D:5)
  Terence (D:2)
  2 iguanas (D:4)
  An orc wizard (D:6)
  Robin (D:4)
  4 gnolls (D:5)
  13 adders
  A shadow imp (D:4)
  A white imp (D:5)
  An ufetubus (D:5)
  An adder skeleton (D:5)
  A worm (D:3)
  A dart slug (D:4)
  11 orcs
  7 bats
  6 endoplasms
  4 giant cockroaches
  8 hobgoblins
  4 jackals (D:2)
  12 kobolds
  A quokka (D:2)
  12 ball pythons
  4 frilled lizards
  13 goblins
  6 rats
136 creatures vanquished.

Vanquished Creatures (others)
  A bullfrog (D:6)
  An adder (D:6)
2 creatures vanquished.

Grand Total: 138 creatures vanquished

Notes
Turn   | Place    | Note
-------+----------+-------------------------------------------
     0 | D:1      | BritishOli the Demonspawn Gladiator began the quest for the
                  | Orb.
     0 | D:1      | Reached XP level 1. HP: 16/16 MP: 1/1
   227 | D:1      | Gained mutation: You have a small tail. [demonic ancestry]
   227 | D:1      | Reached XP level 2. HP: 22/22 MP: 2/2
   611 | D:1      | Found Ykuif's Magic Scroll Shop.
   620 | D:1      | Bought a scroll of identify for 20 gold pieces
  1000 | D:2      | Gained mutation: You may rarely emit foul miasma when
                  | damaged in melee. [demonic ancestry]
  1000 | D:2      | Reached XP level 3. HP: 22/28 MP: 3/3
  1031 | D:2      | HP: 1/28 [kobold (4)]
  1454 | D:2      | Gained mutation: You are partially covered in yellow
                  | scales. (AC +2) [demonic ancestry]
  1454 | D:2      | Reached XP level 4. HP: 34/34 MP: 4/4
  1557 | D:2      | Noticed Terence
  1566 | D:2      | Killed Terence
  2234 | D:3      | Gained mutation: You have a tail ending in a sharp stinger.
                  | [demonic ancestry]
  2234 | D:3      | Reached XP level 5. HP: 41/41 MP: 5/5
  2868 | D:3      | Found a faded altar of an unknown god.
  3053 | D:4      | Found a blossoming altar of Fedhas.
  3100 | D:4      | Found a staircase to the Ecumenical Temple.
  3138 | Temple   | Entered the Ecumenical Temple
  3391 | D:4      | Noticed a necrophage
  3394 | D:4      | Reached XP level 6. HP: 43/47 MP: 6/6
  3461 | D:4      | Noticed Blork the orc
  3471 | D:4      | Killed Blork the orc
  3567 | D:4      | Found a bloodstained altar of Trog.
  3736 | D:4      | Reached XP level 7. HP: 54/54 MP: 7/7
  3745 | D:4      | Noticed Robin
  3760 | D:4      | Killed Robin
  4069 | D:5      | Entered Level 5 of the Dungeon
  4095 | D:5      | Got Suom's Beginning Course on Thaumaturgy
  4274 | D:5      | Noticed Grinder
  4288 | D:5      | Paralysed by Grinder for 6 turns
  4301 | D:5      | Paralysed by Grinder for 5 turns
  4306 | D:5      | Killed Grinder
  4307 | D:5      | Reached skill level 5 in Fighting
  4307 | D:5      | Reached skill level 5 in Dodging
  4496 | D:5      | Noticed Edmund
  4513 | D:5      | Killed Edmund
  4514 | D:5      | Reached skill level 5 in Axes
  4514 | D:5      | Gained mutation: You sometimes emit foul miasma when
                  | damaged in melee. [demonic ancestry]
  4514 | D:5      | Reached XP level 8. HP: 19/62 MP: 8/8
  4901 | D:5      | Reached skill level 5 in Throwing
  5303 | D:5      | Found an ornate altar of the Wu Jian Council.
  5912 | D:6      | Slain by an orc warrior

Illustrated notes

Levels and vault maps discovered:
D:1:      dpeg_arrival_castle, layout_rooms, serial_shops, shop,
          minmay_hedge_maze, minmay_misc_feat_alley, serial_bayou_pond_a
D:2:      layout_rooms, st_stairs_10, dk_noncrumbling_3, minmay_split_cup_small,
          uniq_terence
D:3:      layout_basic, basic_ecumenical_altar
D:4:      layout_loops_ring, mainiacjoe_overflow_small_starburst, bloody_trog,
          minmay_temple_entry_wispy, uniq_robin, uniq_blork_the_orc
D:5:      layout_loops_corners, mainiacjoe_overflow_catwalk, uniq_edmund,
          uniq_grinder
D:6:      layout_cave_pods, mainiacjoe_overflow_alcove_3, tgw_kikubaaqudgha,
          lemuel_flamethrower_2
Temple:   bh_familiar_temple

Skill      XL: |  1  2  3  4  5  6  7  8 |
---------------+-------------------------+-----
Throwing       | 2 3 4 5 |  5.3
Dodging        | 3 4 5 |  5.7
Axes           | 3 4 5 |  5.6
Fighting       | 3 4 5 |  5.8

Action                   |  1- 3 |  4- 6 |  7- 9 || total
-------------------------+-------+-------+-------++-------
Melee: War axe           |   106 |    14 |       ||   120
       Tailslap          |     8 |    14 |    23 ||    45
       Hand axe          |       |   107 |   140 ||   247
       Punch             |       |     1 |     4 ||     5
  Use: Potion            |       |     1 |       ||     1
 Stab: Sleeping          |     1 |       |       ||     1
Armor: Leather armour    |    47 |     3 |       ||    50
       Chain mail        |       |    59 |    78 ||   137
Dodge: Dodged            |   108 |    55 |    55 ||   218

Table legend: (Time is in decaauts)
 A = Elapsed time spent in this place.
 B = Non-inter-level travel time spent in this place.
 C = Inter-level travel time spent in this place.
 D = Time resting spent in this place.
 E = Time spent auto-exploring this place.
 F = Levels seen in this place.
 G = Mean time per level.
                   A        B        C        D        E       F      G
               +--------+--------+--------+--------+--------+-----+--------+
         Total |   5979 |   5752 |    227 |    537 |   4278 |   7 |  854.1 |
       Dungeon |   5798 |   5591 |    207 |    537 |   4119 |   6 |  966.3 |
        Temple |    180 |    160 |     20 |      0 |    159 |   1 |  180.0 |
               +--------+--------+--------+--------+--------+-----+--------+

Top non-repeatable levels by time:
     D:5: 1577 daAuts
     D:4: 1106 daAuts
     D:2: 1061 daAuts
     D:3: 1047 daAuts
     D:1: 968 daAuts
  Temple: 180 daAuts
     D:6: 37 daAuts
